 Seeded DCSS version 0.30.1-3-gfc49f6343a (webtiles) character file.

Game seed: 8049200169454021912 (custom seed)

16 CInkIbrahim the Shield-Bearer (level 2, 17/24 HPs)
             Began as a Formicid Fighter on July 22, 2023.
             Was a Follower of Zin.
             Quit the game on level 1 of the Dungeon.
             The game lasted 00:00:29 (95 turns).

CInkIbrahim the Shield-Bearer (Formicid Fighter)      Turns: 95, Time: 00:00:30

Health: 17/24      AC:  6    Str: 20    XL:     2   Next: 70%
Magic:  2/2        EV:  9    Int:  7    God:    Zin [*.....]
Gold:   9          SH:  5    Dex: 13    Spells: 1/1 levels left

rFire   . . .        a - +0 trident
rCold   . . .        c - +0 buckler
rNeg    . . .        b - +0 scale mail
rPois   .            (helmet unavailable)
rElec   .            (no cloak)
rCorr   .            (no gloves)
SInv    +            (no boots)
Will    .....        (no amulet) Stlth
                     (no ring)
HPRegen 0.24/turn    (no ring)
MPRegen 0.08/turn

%: no passive effects
@: no status effects
A: permanent stasis, dig shafts and tunnels, antennae 3, four strong arms
a: Dig, Shaft Self, Renounce Religion, Recite, Donate Gold


You were on level 1 of the Dungeon.
You worshipped Zin.
Zin was aware of your devotion.
You visited 1 branch of the dungeon, and saw 1 of its levels.

You collected 9 gold pieces.

Inventory:

Hand Weapons
 a - a +0 trident (weapon)
Armour
 b - a +0 scale mail (worn)
 c - a +0 buckler (worn)
Potions
 d - a potion of might
 e - 2 potions of cancellation {unknown}


   Skills:
 - Level 3.2 Fighting
 + Level 3.1 Polearms
 - Level 3.2 Armour
 - Level 4.0 Shields


You had one spell level left.
You didn't know any spells.
Your spell library was empty.

Dungeon Overview and Level Annotations

Branches:
Dungeon (1/15)

Altars:
Zin


Innate Abilities, Weirdness & Mutations

You cannot be hasted, slowed, berserked, paralysed or teleported.
You can dig through walls and to a lower floor.
You have a pair of large antennae on your head. (SInv)
Your four strong arms can wield two-handed weapons with a shield.


Message History

The kobold hits you but does no damage.
Items here: )) ††††.
You barely miss the kobold. The kobold hits you but does no damage.
The kobold closely misses you.
You closely miss the kobold.
The kobold hits you with a +0 short sword.
You barely miss the kobold. The kobold hits you but does no damage.
You puncture the kobold!
You kill the kobold!
Your Polearms skill increases to level 3!
You puncture the endoplasm!
You kill the endoplasm!
A giant cockroach comes into view.
You see here a +0 short sword.
Found a club.
The giant cockroach bites you but does no damage.
You closely miss the giant cockroach.
The giant cockroach bites you but does no damage.
The giant cockroach barely misses you.
You completely miss the giant cockroach.
The giant cockroach bites you.
You closely miss the giant cockroach. The giant cockroach bites you.
The giant cockroach bites you but does no damage.
You barely miss the giant cockroach.
The giant cockroach completely misses you.
You hit the giant cockroach.
The giant cockroach is heavily wounded.
You block the giant cockroach's attack.
You barely miss the giant cockroach.
The giant cockroach is heavily wounded.
The giant cockroach bites you. The giant cockroach barely misses you.
You puncture the giant cockroach!
You kill the giant cockroach!
Found a stone staircase leading down.
There is a faded altar of an unknown god here.
This altar belongs to (a) Ashenzari, (b) Zin or (c) Gozag, but you can't tell which.
Press the corresponding letter to learn more about a god, or press enter to convert or escape to cancel.
Zin accepts your prayer! Zin welcomes you!
You can now donate money to Zin.
You can now recite Zin's Axioms of Law.
Are you sure you want to abandon this character and quit the game? (Confirm with "yes".)

.. ##.. ..... #.#
##.#####.##.. ..# #..
##.#.....#...#
...###.##..~.....~..##
#..##..)#~.~...~.~#.#
#####..##)#..~.~.~.~..#
.....#..#.#...~.≈.~...#
####.##.#.#...~≈.≈~...#
####.##...#...~≈@≈~...#
......##..#..~.~≈~.~..#
###.#.#....#~~~~.~~~~#.#
#.....†...#..~.~..#.##
###.)....#.#.~)~.#...#
....##......##.##...>.
#########........ .....
###...... ..... #..#


There were no monsters in sight!

Vanquished Creatures
  A ball python (D:1)
  An endoplasm (D:1)
  2 giant cockroaches (D:1)
  2 goblins (D:1)
  4 jackals (D:1)
  A kobold (D:1)
  A quokka (D:1)
12 creatures vanquished.

Notes
Turn   | Place    | Note
-------+----------+-------------------------------------------
     0 | D:1      | CInkIbrahim the Formicid Fighter began the quest for the
                  | Orb.
     0 | D:1      | Reached XP level 1. HP: 18/18 MP: 1/1
    52 | D:1      | Reached XP level 2. HP: 14/24 MP: 2/2
    62 | D:1      | Found a faded altar of an unknown god.
    94 | D:1      | Prayed at the altar of an unknown god.
    94 | D:1      | Became a worshipper of Zin the Law-Giver
    94 | D:1      | Reached * piety under Zin
    95 | D:1      | Quit the game

Illustrated notes

Levels and vault maps discovered:
D:1:      lightli_arrival_boilingwater, layout_rooms,
          shapermc_ecumenical_altar_starsandcircs

Skill      XL: |  1  2 |
---------------+-------+-----
Polearms       | 3 |  3.1
Fighting       | |  3.2
Armour         | |  3.2
Shields        | |  4.0

Action                     || total
---------------------------++-------
  Melee: Trident           ||    40
 Armour: Scale mail        ||    20
  Dodge: Dodged            ||    20
  Block: Buckler           ||     6
